Map: Orbital Shipyard (3.0.5 Balance v1.0)

Players

lesha - Winner!

  • Race: Terran Terran

Player 2

  • Race: Zerg Zerg

VOD

Have the link to the VOD?

Description

Time

  • Played on: Dec. 9, 2015, 9:25 a.m.
  • Length: 27:31
Show
View Real Time Build Order
Export as new Build Order

lesha Terran - Winner!

Build Orders: Liberator Opening 

Get SALT Encoding   

  12  0:01  SCV  
  13  0:13  SCV  
  14  0:18  Supply Depot  
  14  0:25  SCV  
  15  0:39  SCV  
  16  0:44  Barracks  
  16  0:48  Refinery  
  16  0:52  SCV  
  17  1:04  SCV  
  18  1:16  SCV  
  19  1:27  Command Center  
  19  1:36  Orbital Command  
  19  1:47  Marine  
  20  2:05  SCV  
  20  2:08  Supply Depot  
  20  2:19  Marine  
  20  2:20  Factory  
  20  2:22  SCV  
  22  2:34  SCV  
  23  2:46  SCV  
  23  2:50  Refinery  
  24  2:54  Barracks Reactor  
  24  2:59  SCV  
  24  3:00  Orbital Command  
  25  3:10  Starport  
  25  3:11  SCV  
  26  3:23  Factory Tech Lab  
  26  3:32  SCV  
  27  3:34  SCV  
  27  3:39  Refinery  
  28  3:44  Refinery  
  28  3:55  Liberator  
  28  4:01  Barracks Tech Lab, Liberator  
  28  4:06  Supply Depot, SCV  
  28  4:07  SCV  
  33  4:18  SCV  
  33  4:19  SCV  
  38  4:28  Supply Depot  
  38  4:30  SCV  
  38  4:31  SCV  
  40  4:43  SCV x2  
  42  4:55  SCV, Medivac  
  45  5:00  Barracks x2, Medivac  
  45  5:02  SCV  
  48  5:07  SCV  
  48  5:09  Supply Depot  
  48  5:11  Supply Depot  
  48  5:14  Command Center, SCV  
  50  5:25  Armory  
  50  5:26  Engineering Bay  
  50  6:37  Marine  
  49  7:24  Starport  
  49  7:25  Starport  
  49  7:27  Starport  
  49  7:29  Barracks Reactor  
  49  7:30  Barracks Reactor  
  49  7:32  Stimpack  
  49  7:35  Terran Vehicle Weapons Level 1  
  49  7:44  SCV x2, Liberator x2  
  51  7:56  SCV x2, Supply Depot  
  53  7:58  Supply Depot  
  53  8:05  Starport Reactor  
  59  8:06  Starport Reactor  
  59  8:08  Starport Reactor  
  59  8:20  Supply Depot  
  59  8:22  Terran Infantry Weapons Level 1, Supply Depot x2  
  72  8:27  Liberator  
  59  8:29  SCV x2  
  59  8:33  Liberator x3  
  59  8:34  Liberator x2  
  61  8:37  Orbital Command  
  61  8:41  SCV x2  
  81  9:05  Marine x3  
  81  9:06  Marine x2  
  86  9:23  Marine x5  
  91  9:41  Marine x4  
  91  9:44  SCV  
  91  9:45  SCV  
  97  9:49  SCV  
  97  9:50  Terran Vehicle And Ship Armor Level 1  
  98  9:56  SCV  
  98  9:57  SCV  
  100  10:01  SCV  
  100  10:03  Supply Depot  
  100  10:04  Supply Depot  
  100  10:06  Supply Depot  
  101  10:26  Supply Depot  
  101  10:30  Supply Depot x2  
  95  10:51  Liberator  
  95  10:52  Liberator x7  
  107  11:14  Marine x5  
  112  11:31  Marine  
  112  11:32  Marine x4  
  117  11:33  Barracks  
  117  11:36  Barracks  
  117  11:37  Barracks  
  117  11:38  Barracks  
  117  11:44  Combat Shields, Terran Ship Weapons Level 1  
  117  11:49  Marine x3  
  117  11:50  Marine x2  
  122  12:07  Marine x4  
  122  12:08  Marine  
  127  12:12  Liberator  
  127  12:13  Liberator x4  
  127  12:25  Marine  
  134  12:40  Refinery  
  134  12:41  Refinery  
  119  13:11  Marine  
  108  13:28  Marine x3  
  108  13:29  Marine x2  
  108  13:33  Marine  
  108  13:34  Marine x3  
  115  13:38  Terran Vehicle Weapons Level 2  
  117  13:43  Terran Infantry Armor Level 1  
  117  13:46  Marine x3  
  117  13:47  Marine x2  
  122  13:51  Marine x3  
  122  13:52  Marine  
  122  13:53  Engineering Bay  
  126  14:04  Marine x5  
  126  14:09  Liberator x4  
  131  14:10  Liberator x3  
  131  14:31  Marine x7  
  154  14:32  Marine x2  
  161  14:45  Command Center  
  161  14:48  Marine  
  161  14:49  Marine x7  
  161  14:50  Marine  
  155  15:06  Marine x2  
  155  15:07  Marine x3  
  155  15:18  Command Center  
  155  15:31  Command Center  
  155  15:40  Command Center  
  155  16:03  Orbital Command  
  155  16:13  Refinery  
  155  16:18  Refinery  
  155  16:42  Orbital Command  
  155  16:43  Orbital Command  
  155  16:52  Liberator x4  
  155  16:53  Liberator x4  
  155  17:05  Marine x4  
  155  17:06  Marine x5  
  188  17:23  Marine  
  189  17:35  Liberator x2  
  189  17:37  Terran Infantry Armor Level 2  
  189  17:39  Terran Infantry Weapons Level 2  
  195  18:08  Medivac x2  
  195  18:12  Marine  
  187  19:15  Marine x7  
  187  19:16  Marine x2  
  196  19:18  Medivac  
  196  19:19  Medivac  
  197  20:17  Command Center  
  197  20:51  Missile Turret  
  197  20:55  Missile Turret  
  197  21:08  Missile Turret  
  197  21:09  Missile Turret  
  197  21:25  Missile Turret  
  197  21:32  Missile Turret  
  197  21:38  Missile Turret  
  197  21:44  Missile Turret  
  197  22:07  Missile Turret  
  197  22:18  Missile Turret  
  197  22:20  Concussive Shells  
  197  22:22  Terran Infantry Weapons Level 3  
  197  22:23  Terran Infantry Armor Level 3  
  197  22:25  Terran Vehicle Weapons Level 3  
  197  22:26  Missile Turret  
  197  22:30  Missile Turret  
  194  22:53  Missile Turret  
  194  23:00  Missile Turret x2  
  192  23:11  Missile Turret  
  191  23:38  Missile Turret  
  189  25:02  Terran Vehicle And Ship Armor Level 2  
Show
View Real Time Build Order
Export as new Build Order

Player 2 Zerg 

Build Orders: Pool First 

Get SALT Encoding   

  12  0:00  Drone  
  13  0:12  Overlord  
  13  0:17  Drone  
  14  0:30  Drone  
  14  0:32  Drone  
  16  0:44  Spawning Pool  
  16  0:45  Drone  
  16  0:48  Drone  
  17  0:52  Extractor  
  17  0:55  Drone  
  17  1:06  Overlord  
  17  1:30  Queen  
  17  1:31  Zergling x2  
  20  1:36  Roach Warren  
  20  1:38  Drone  
  20  1:41  Extractor  
  20  1:43  Zergling x2  
  20  1:49  Drone  
  21  1:59  Drone  
  22  2:12  Drone  
  23  2:21  Overlord  
  23  2:32  Roach  
  25  2:39  Drone  
  28  2:44  Roach  
  28  2:45  Overlord  
  28  2:51  Drone  
  28  2:56  Ravager, Roach  
  32  3:07  Drone  
  32  3:08  Overlord, Roach  
  36  3:12  Drone  
  36  3:19  Drone  
  37  3:20  Ravager  
  37  3:21  Ravager  
  39  3:30  Roach  
  41  3:37  Baneling Nest  
  41  3:40  Drone  
  41  3:42  Drone, Roach  
  41  3:46  Overlord  
  44  3:52  Drone  
  45  3:57  Evolution Chamber  
  44  4:03  Drone  
  45  4:13  Roach  
  47  4:25  Roach  
  49  5:53  Lair, Overlord, Roach, Zerg Melee Weapons Level 1  
  49  5:54  Evolution Chamber  
  49  5:55  Spore Crawler  
  49  5:56  Drone  
  50  5:57  Spore Crawler  
  50  5:58  Drone  
  50  6:00  Hatchery, Drone  
  50  6:02  Roach  
  52  6:10  Roach  
  54  6:12  Overlord  
  54  6:19  Roach  
  54  6:20  Zerg Ground Armor Level 1  
  56  6:27  Spine Crawler, Roach  
  56  6:28  Drone  
  58  6:34  Spine Crawler  
  58  6:35  Drone  
  57  6:48  Zergling x2  
  57  6:50  Queen  
  57  6:51  Overseer x2  
  55  6:55  Hydralisk Den  
  55  6:56  Drone  
  55  6:57  Roach  
  42  7:06  Roach  
  44  7:12  Burrow  
  44  7:14  Roach  
  46  7:16  Drone  
  46  7:18  Drone  
  46  7:19  Extractor  
  46  7:20  Drone  
  46  7:22  Drone  
  49  7:26  Drone, Roach  
  49  7:27  Drone  
  53  7:30  Drone  
  53  7:33  Drone  
  55  7:38  Hydralisk  
  55  7:43  Drone  
  58  7:47  Zerg Missile Weapons Level 1  
  58  7:49  Drone  
  59  7:53  Hydralisk  
  59  7:54  Drone  
  59  7:55  Spore Crawler  
  59  7:56  Drone  
  62  7:59  Drone  
  62  8:02  Drone  
  62  8:05  Drone  
  65  8:11  Spore Crawler, Drone  
  65  8:15  Drone  
  66  8:21  Queen  
  66  8:22  Roach  
  66  8:23  Drone  
  66  8:25  Overlord  
  71  8:27  Drone  
  71  8:30  Drone, Hydralisk  
  71  8:31  Drone  
  71  8:33  Drone  
  77  8:38  Muscular Augments  
  77  8:39  Hydralisk  
  79  8:43  Spine Crawler  
  79  8:44  Drone  
  79  8:50  Spine Crawler  
  79  8:54  Infestation Pit  
  77  9:02  Spire  
  76  9:28  Extractor  
  75  9:50  Drone  
  75  9:52  Drone  
  77  9:53  Drone  
  78  10:17  Pneumatized Carapace  
  78  10:18  Mutalisk, Overlord  
  78  10:19  Overlord, Overseer  
  80  10:25  Mutalisk  
  82  10:28  Hatchery  
  82  10:32  Mutalisk  
  74  10:39  Mutalisk  
  76  10:46  Mutalisk  
  78  10:53  Mutalisk  
  80  11:00  Overlord  
  80  11:01  Hydralisk  
  80  11:02  Hive  
  82  11:08  Hydralisk  
  84  11:15  Hydralisk  
  86  11:22  Hydralisk  
  88  11:32  Zerg Flyer Weapons Level 1  
  88  11:41  Drone, Queen  
  88  11:42  Drone  
  88  11:44  Drone  
  88  11:45  Drone  
  94  11:47  Overlord, Drone  
  94  11:48  Drone  
  94  11:49  Extractor  
  94  11:50  Drone, Spore Crawler  
  94  11:51  Drone  
  94  11:53  Drone, Spore Crawler  
  96  11:54  Drone  
  96  11:56  Drone  
  96  11:57  Drone, Extractor  
  96  11:59  Drone  
  96  12:00  Drone  
  96  12:01  Overseer  
  100  12:02  Drone  
  100  12:05  Drone, Overlord  
  100  12:07  Drone  
  100  12:08  Drone  
  104  12:09  Drone  
  104  12:11  Drone  
  104  12:13  Drone  
  104  12:14  Drone  
  108  12:16  Viper x2  
  108  12:18  Drone, Spine Crawler  
  108  12:20  Drone, Spine Crawler  
  114  12:23  Lair, Overlord  
  114  12:26  Overlord  
  114  12:27  Overseer  
  114  12:30  Overseer  
  114  12:39  Mutalisk  
  104  12:46  Mutalisk  
  104  12:47  Overlord, Drone  
  107  12:53  Mutalisk  
  109  13:00  Mutalisk  
  109  13:04  Overseer  
  111  13:07  Overlord, Mutalisk  
  113  13:15  Mutalisk  
  108  13:22  Mutalisk  
  108  13:26  Zerg Flyer Armor Level 1  
  110  13:29  Mutalisk  
  110  13:34  Overlord, Viper  
  115  13:51  Hatchery  
  114  14:09  Ultralisk Cavern  
  113  14:47  Overlord  
  113  14:56  Zergling x2  
  89  15:02  Overseer  
  89  15:03  Ultralisk, Overseer  
  89  15:04  Drone  
  89  15:05  Drone  
  75  15:08  Hydralisk  
  75  15:09  Overlord  
  75  15:13  Extractor  
  76  15:15  Hydralisk  
  76  15:16  Extractor  
  77  15:21  Hydralisk  
  77  15:22  Greater Spire  
  79  15:28  Ultralisk, Overlord  
  79  15:35  Ultralisk  
  91  15:41  Ultralisk  
  97  15:47  Overlord  
  97  15:48  Ultralisk  
  103  15:55  Ultralisk  
  109  15:59  Spore Crawler  
  109  16:00  Spore Crawler, Overseer  
  107  16:05  Hydralisk  
  107  16:06  Overlord  
  109  16:11  Hydralisk  
  111  16:23  Hydralisk  
  111  16:24  Overlord, Drone, Queen  
  111  16:25  Spine Crawler  
  115  16:26  Drone, Zerg Melee Weapons Level 2  
  115  16:27  Drone, Spine Crawler  
  115  16:29  Drone  
  115  16:30  Drone, Infestor  
  120  16:41  Zerg Ground Armor Level 2  
  120  16:42  Overlord, Drone  
  121  17:00  Overlord, Pathogen Glands  
  121  17:53  Chitinous Plating  
  121  17:55  Roach  
  121  17:58  Overlord, Roach  
  125  18:01  Roach  
  125  18:04  Roach  
  129  18:07  Roach  
  129  18:10  Roach  
  133  18:12  Infestor  
  133  18:16  Roach  
  133  18:18  Overlord  
  133  18:19  Roach  
  139  18:22  Roach  
  139  18:25  Roach  
  137  18:27  Drone  
  137  18:28  Roach  
  137  18:29  Drone, Queen  
  137  18:31  Drone, Roach  
  137  18:32  Drone  
  137  18:33  Infestor  
  138  18:34  Drone  
  138  18:35  Hatchery, Drone  
  138  18:37  Drone  
  138  18:39  Drone, Infestor, Overlord  
  138  18:40  Drone  
  142  18:41  Zerg Missile Weapons Level 2  
  142  18:42  Drone, Roach  
  142  18:43  Drone  
  142  18:45  Drone, Roach  
  142  18:46  Drone  
  142  18:48  Drone, Roach  
  144  18:49  Drone  
  144  18:51  Drone, Roach  
  144  18:52  Drone  
  144  18:54  Roach  
  151  18:56  Infestor  
  151  18:57  Overlord, Glial Reconstitution  
  151  18:58  Neural Parasite  
  151  18:59  Hydralisk  
  151  19:00  Drone  
  151  19:02  Hydralisk  
  145  19:03  Drone  
  145  19:04  Drone  
  145  19:05  Hydralisk  
  145  19:06  Drone  
  145  19:07  Drone  
  145  19:08  Hydralisk  
  135  19:11  Hydralisk  
  135  19:14  Hydralisk  
  139  19:17  Infestor  
  139  19:18  Overseer  
  139  19:22  Zergling x2  
  119  19:25  Roach  
  119  19:27  Queen  
  119  19:28  Roach  
  113  19:31  Roach  
  113  19:33  Overlord x2  
  113  19:44  Zergling x2  
  92  19:46  Hydralisk  
  92  19:50  Roach  
  92  19:51  Drone  
  92  19:52  Drone  
  79  19:53  Roach  
  79  19:54  Drone  
  79  19:55  Drone  
  79  19:56  Roach  
  79  19:57  Drone  
  79  19:58  Drone, Hydralisk  
  79  19:59  Extractor  
  83  20:00  Drone  
  83  20:01  Drone  
  83  20:02  Hydralisk  
  83  20:04  Extractor  
  83  20:05  Roach  
  70  20:08  Roach  
  70  20:11  Roach  
  68  20:14  Zergling x2  
  68  20:17  Infestor  
  68  20:18  Drone  
  68  20:20  Drone  
  68  20:21  Roach  
  70  20:23  Drone, Roach  
  70  20:25  Drone  
  70  20:26  Drone, Roach  
  70  20:27  Drone  
  60  20:29  Drone, Hydralisk  
  60  20:30  Drone  
  60  20:32  Drone  
  60  20:33  Drone  
  60  20:35  Drone, Hydralisk  
  65  20:36  Drone  
  65  20:38  Drone, Roach  
  65  20:40  Drone  
  65  20:41  Drone  
  63  20:43  Drone  
  63  20:47  Drone  
  60  20:50  Drone  
  60  20:55  Drone  
  52  20:58  Drone  
  34  21:23  Ultralisk  
  39  21:29  Hydralisk  
  41  21:33  Drone  
  41  21:37  Drone  
  43  21:40  Drone  
  43  21:44  Drone  
  45  21:48  Drone  
  45  21:50  Drone  
  46  21:55  Drone  
  46  21:58  Drone  
  47  22:02  Drone  
  47  22:06  Drone  
  43  22:12  Hydralisk  
  32  22:49  Drone  
  30  22:55  Drone  
  31  23:00  Drone  
  22  23:06  Drone  
  22  23:07  Drone  
  22  23:11  Drone  
  23  23:16  Drone  
  21  23:21  Drone  
  21  23:27  Drone  
  19  23:35  Drone  
  19  23:40  Overlord  
  14  23:55  Drone  
  14  23:56  Hatchery  
  12  24:06  Drone  
  5  24:23  Drone  
  5  24:41  Drone  
Tags
 
Add a new tag
Caveats
  • Supply blocks, unpowered buildings, or Contaminate may cause inaccurate times.
  • Supply counts are checked every 10 seconds.